 Dungeon Crawl Stone Soup version 0.29-a0-231-g945431f764 (webtiles) character file.

Game seed: 3704348838936385699

4606 tognito the Cleaver (level 10, -1/132 HPs)
             Began as a Minotaur Berserker on Feb 28, 2022.
             Was an Elder of Trog.
             Succumbed to a hornet's poison
             ... on level 9 of the Dungeon.
             The game lasted 00:12:33 (7100 turns).

tognito the Cleaver (Minotaur Berserker)            Turns: 7100, Time: 00:12:34

Health: -1/132     AC: 16    Str: 25    XL:     10   Next: 19%
Magic:  9/9        EV: 10    Int:  4    God:    Trog [****..]
Gold:   610        SH:  0    Dex: 11    Spells: 9/9 levels left

rFire   . . .      SeeInvis .   b - +4 flail (holy)
rCold   . . .      Faith    .   (no shield)
rNeg    . . .      Spirit   .   v - +0 chain mail
rPois   .          Reflect  .   d - +1 hat
rElec   .          Harm     .   u - +0 cloak
rCorr   +          Rampage  .   D - +1 pair of gloves
Will    +....                   p - +0 pair of boots
Stlth   ..........              h - amulet of regeneration
HPRegen 1.12/turn               e - ring of resist corrosion
MPRegen 0.11/turn               q - ring of willpower

@: berserking (expiring), lethally poisoned (-1 -> -7), very quick
A: horns 2, retaliatory headbutt
a: Renounce Religion, Berserk, Trog's Hand, Brothers in Arms


You were on level 9 of the Dungeon.
You worshipped Trog.
Trog was greatly pleased with you.
You visited 1 branch of the dungeon, and saw 9 of its levels.

You collected 610 gold pieces.

Inventory:

Hand Weapons
 a - a +0 hand axe
 b - a +4 flail of holy wrath (weapon)
Missiles
 j - 6 poisoned darts
 r - 4 atropa-tipped darts
 t - 3 throwing nets
 y - 4 datura-tipped darts (quivered)
 E - 2 silver boomerangs
 F - 6 boomerangs
 G - a curare-tipped dart
Armour
 d - a +1 hat (worn)
 p - a +0 pair of boots (worn)
 u - a +0 cloak (worn)
 v - a +0 chain mail (worn)
 D - a +1 pair of gloves (worn)
Jewellery
 e - a ring of resist corrosion (left hand)
 f - an amulet of the acrobat
 h - an amulet of regeneration (around neck)
 i - a +4 ring of evasion
 n - a ring of flight
 q - a ring of willpower (right hand)
 B - a ring of magical power
Wands
 m - a wand of digging (9)
 o - a wand of paralysis (9)
 A - a wand of mindburst (14)
Scrolls
 c - 3 scrolls of identify
 g - 3 scrolls of blinking
 k - a scroll of brand weapon
 l - 5 scrolls of teleportation
 x - a scroll of magic mapping
 C - 2 scrolls of fear
Potions
 s - 3 potions of heal wounds
 z - 2 potions of berserk rage


   Skills:
 + Level 8.1 Fighting
 * Level 11.1 Axes
 + Level 5.9 Throwing
 + Level 7.6 Armour
 + Level 6.9 Dodging


You had 9 spell levels left.
You didn't know any spells.
Your spell library was empty.

Dungeon Overview and Level Annotations

Branches:
Dungeon (9/15)             Temple (0/1) D:7
   Lair: D:8-11         Orc: D:9-12

Altars:
Cheibriados
Elyvilon
Fedhas
Qazlal
Wu Jian
The Shining One

Shops:
D:4 [

Annotations:
D:9 Harold


Innate Abilities, Weirdness & Mutations

You have a pair of horns on your head.
You reflexively headbutt those who attack you in melee.


Message History

The two-headed ogre hits you with a +0 giant club!
The two-headed ogre closely misses you.
You sock the two-headed ogre!
Your headbutt misses the two-headed ogre.
The two-headed ogre is heavily wounded.
You barely miss the two-headed ogre.
The two-headed ogre is heavily wounded.
The two-headed ogre completely misses you.
You furiously retaliate!
You headbutt the two-headed ogre!
The two-headed ogre completely misses you.
Harold completely misses you.
You sock the two-headed ogre!
The two-headed ogre is almost dead.
You thump the two-headed ogre!
You kill the two-headed ogre!
Trog accepts your kill. Harold hits you with a +0 dire flail!
You feel your strength returning.
Your Fighting skill increases to level 8!
Your Axes skill increases to level 11!
You hit Harold but do no damage. The hornet stings you!
You are poisoned.
You feel yourself slow down. Harold hits you with a +0 dire flail!
* * * LOW HITPOINT WARNING * * *
You sock Harold!
Harold is lightly wounded.
You feel yourself speed up.
You feel very sick. The hornet stings you!
* * * LOW HITPOINT WARNING * * *
You are more poisoned.
You suddenly lose the ability to move!
The hornet completely misses you. Harold hits you with a +0 dire flail!
* * * LOW HITPOINT WARNING * * *
* * * LOW HITPOINT WARNING * * *
You feel very sick.
The hornet stings you but does no damage.
Harold hits you but does no damage.
You can move again.
You die...

## ### ##### .# #..
..#.. .# .# #.# #.#.#
.# .# #.# #.#.##.# .#
#.###.#.#..##
.##########.#<..#.....#
.!..................>.#
................@.@...#
##...############.#...#
.'.....# #y# ...#
.#...#.# ... ..#
.#...#.###.# #....
.#...'.....# +.....
##...####..# #......
.'...'.....# #....#..
##...####.## ####.#.#.


You could see Harold and a hornet.

Vanquished Creatures
  2 two-headed ogres (D:9)
  Grinder (D:3)
  A wraith (D:8)
  Edmund (D:5)
  Duvessa (D:5)
  An orc warrior (D:8)
  3 ice beasts
  A sky beast (D:8)
  2 black bears (D:6)
  4 ogres (D:6)
  3 centaurs
  A kobold brigand (D:8)
  2 bullfrogs
  A necrophage (D:5)
  3 scorpions
  Blork the orc (D:6)
  Dowan (D:5)
  3 wights (D:9)
  A howler monkey (D:7)
  2 hounds
  4 jellies
  An orc priest (D:8)
  A gnoll shaman (D:6)
  Crazy Yiuf (D:4)
  6 iguanas
  Natasha (thrice) (D:4)
  4 orc wizards
  16 gnolls
  7 adders
  2 white imps
  2 ufetubi
  A worm (D:4)
  3 dart slugs
  8 orcs
  5 endoplasms
  A giant cockroach (D:4)
  3 hobgoblins
  7 jackals
  9 kobolds
  4 quokkas
  8 ball pythons
  3 bats
  A frilled lizard (D:1)
  4 goblins
  3 rats (D:1)
142 creatures vanquished.

Vanquished Creatures (collateral kills)
  2 orcs (D:8)
2 creatures vanquished.

Grand Total: 144 creatures vanquished

Notes
Turn   | Place    | Note
-------+----------+-------------------------------------------
     0 | D:1      | tognito the Minotaur Berserker began the quest for the Orb.
     0 | D:1      | Reached XP level 1. HP: 19/19 MP: 0/0
   661 | D:1      | Reached XP level 2. HP: 27/27 MP: 1/1
   766 | D:1      | Reached skill level 4 in Axes
  1436 | D:2      | Reached skill level 1 in Throwing
  1436 | D:2      | Reached XP level 3. HP: 28/33 MP: 2/2
  1880 | D:3      | Noticed Grinder
  1887 | D:3      | Reached XP level 4. HP: 40/40 MP: 3/3
  1891 | D:3      | Killed Grinder
  1892 | D:3      | Reached skill level 5 in Axes
  1892 | D:3      | Reached XP level 5. HP: 47/47 MP: 4/4
  1938 | D:3      | Reached XP level 6. HP: 51/53 MP: 5/5
  2017 | D:3      | Found a white marble altar of Elyvilon.
  2177 | D:3      | Reached skill level 6 in Axes
  2211 | D:3      | Found a faded altar of an unknown god.
  2340 | D:3      | Found a faded altar of an unknown god.
  2344 | D:3      | Found an ornate altar of the Wu Jian Council.
  2646 | D:4      | Found Wuyta's Antique Armour Emporium.
  2666 | D:4      | Reached skill level 5 in Fighting
  2669 | D:4      | Reached ** piety under Trog
  2720 | D:4      | Noticed Natasha
  2729 | D:4      | Killed Natasha
  2744 | D:4      | Noticed Natasha
  2752 | D:4      | Killed Natasha
  3021 | D:4      | Found a runed translucent door.
  3022 | D:4      | Noticed Crazy Yiuf
  3133 | D:4      | Noticed Natasha
  3139 | D:4      | Killed Natasha
  3191 | D:4      | Reached XP level 7. HP: 31/61 MP: 6/6
  3379 | D:4      | Killed Crazy Yiuf
  3444 | D:5      | Entered Level 5 of the Dungeon
  3444 | D:5      | Found a blossoming altar of Fedhas.
  3695 | D:5      | Reached skill level 7 in Axes
  3795 | D:5      | Noticed Edmund
  3810 | D:5      | Killed Edmund
  3811 | D:5      | Reached skill level 5 in Armour
  3811 | D:5      | Reached XP level 8. HP: 60/70 MP: 7/7
  3851 | D:5      | Noticed Dowan
  3852 | D:5      | Noticed Duvessa
  3860 | D:5      | Killed Dowan
  3865 | D:5      | Killed Duvessa
  3942 | D:5      | Found a stormy altar of Qazlal.
  4199 | D:6      | Reached skill level 8 in Axes
  4199 | D:6      | Reached skill level 5 in Dodging
  4226 | D:6      | Noticed Blork the orc
  4232 | D:6      | Killed Blork the orc
  4480 | D:6      | Reached *** piety under Trog
  4600 | D:6      | Reached skill level 9 in Axes
  4641 | D:6      | Reached XP level 9. HP: 78/78 MP: 8/8
  5140 | D:7      | Found a staircase to the Ecumenical Temple.
  5646 | D:7      | Found a glowing golden altar of the Shining One.
  6119 | D:8      | Reached skill level 5 in Throwing
  6170 | D:8      | Reached skill level 10 in Axes
  6551 | D:8      | Reached **** piety under Trog
  6591 | D:8      | Found a snail-covered altar of Cheibriados.
  6790 | D:9      | Noticed a two-headed ogre
  6795 | D:9      | Killed a two-headed ogre
  6796 | D:9      | Reached XP level 10. HP: 88/88 MP: 9/9
  7088 | D:9      | Noticed a two-headed ogre
  7088 | D:9      | Noticed Harold
  7096 | D:9      | Killed a two-headed ogre
  7097 | D:9      | Reached skill level 11 in Axes
  7098 | D:9      | Paralysed by a hornet for 2 turns
  7098 | D:9      | HP: 4/132 [Harold/+0 dire flail (10)]
  7099 | D:9      | HP: 1/132 [poisoned by a hornet]
  7100 | D:9      | Succumbed to a hornet's poison

Illustrated notes

Levels and vault maps discovered:
D:1:      giann_bridges, layout_basic, nicolae_figureground_sparkle
D:2:      minmay_wonky_spiral, layout_basic
D:3:      layout_loops_cross, nicolae_overflow_ecumenical_swirl,
          elyvilon_altar_4, shapermc_ecumenical_altar_notcrosses, uniq_grinder
D:4:      layout_basic, serial_shops, kennysheep_little_box, uniq_natasha,
          uniq_crazy_yiuf_cottage
D:5:      minmay_evil_eye, layout_rooms, fedhas_bush_and_centaur_altar,
          mainiacjoe_overflow_cross_hatched, uniq_edmund, uniq_duvessa
D:6:      layout_basic, uniq_blork_the_orc
D:7:      layout_layer_cave, nicolae_tso_carved_into_rock,
          minmay_temple_entry_tees
D:8:      layout_cave_pods, mainiacjoe_overflow_concentric_impassable
D:9:      layout_basic, lair_entry_dummy, uniq_harold

Skill      XL: |  1  2  3  4  5  6  7  8  9 10 |
---------------+-------------------------------+-----
Axes           | 4 5 6 7 9 10 11 | 11.1
Throwing       | 1 2 3 4 5 |  5.9
Fighting       | 4 5 6 7 8 |  8.1
Armour         | 3 4 5 6 7 |  7.6
Dodging        | 3 4 5 6 |  6.9

Action                   |  1- 3 |  4- 6 |  7- 9 | 10-12 || total
-------------------------+-------+-------+-------+-------++-------
Melee: Hand axe          |    57 |    76 |    74 |       ||   207
       Headbutt          |    10 |    14 |    46 |     2 ||    72
       Punch             |       |     1 |     5 |       ||     6
       Flail             |       |       |   188 |    17 ||   205
Throw: Dart              |       |     2 |    46 |       ||    48
Invok: Berserk           |     1 |       |     3 |     1 ||     5
  Use: Potion            |     2 |     4 |     2 |       ||     8
       Scroll            |       |       |       |     8 ||     8
Armor: Animal skin       |     7 |       |       |       ||     7
       Ring mail         |    10 |    26 |     7 |       ||    43
       Scale mail        |       |       |    11 |       ||    11
       Chain mail        |       |       |   138 |     6 ||   144
Dodge: Dodged            |    37 |    50 |   146 |    11 ||   244

Table legend: (Time is in decaauts)
 A = Elapsed time spent in this place.
 B = Non-inter-level travel time spent in this place.
 C = Inter-level travel time spent in this place.
 D = Time resting spent in this place.
 E = Time spent auto-exploring this place.
 F = Levels seen in this place.
 G = Mean time per level.
                   A        B        C        D        E       F      G
               +--------+--------+--------+--------+--------+-----+--------+
         Total |   7166 |   6945 |    221 |     28 |   5701 |   9 |  796.2 |
       Dungeon |   7166 |   6945 |    221 |     28 |   5701 |   9 |  796.2 |
               +--------+--------+--------+--------+--------+-----+--------+

Top non-repeatable levels by time:
     D:7: 1085 daAuts
     D:1: 1066 daAuts
     D:4: 984 daAuts
     D:2: 818 daAuts
     D:6: 788 daAuts
     D:8: 775 daAuts
     D:3: 733 daAuts
     D:5: 594 daAuts
     D:9: 319 daAuts
